 Dungeon Crawl Stone Soup version 0.22-a0-538-g76cc104 (webtiles) character file.

106016 Amnesiac the Evocator (level 15, -6/84 HPs)
             Began as a Spriggan Abyssal Knight on June 23, 2018.
             Was the Champion of Lugonu.
             Mangled by a balrug
             ... wielding a +0 demon whip
             ... summoned by a deep elf demonologist
              (13 damage)
             ... on level 3 of the Elven Halls.
             The game lasted 01:35:11 (35982 turns).

Amnesiac the Evocator (Spriggan Abyssal Knight)    Turns: 35982, Time: 01:35:13

Health: -6/84      AC:  6    Str: 13    XL:     15   Next: 96%
Magic:  0/30       EV: 31    Int: 13    God:    Lugonu [******]
Gold:   310        SH:  0    Dex: 18    Spells: 16/24 levels left

rFire    + . .     SeeInvis +   a - +9 quick blade (distort)
rCold    + . .     Gourm    .   (shield restricted)
rNeg     . . .     Faith    .   d - +2 robe {rC+}
rPois    .         Spirit   +   (helmet restricted)
rElec    .         Reflect  .   J - +1 cloak
rCorr    +         Harm     .   (gloves unavailable)
MR       ++...                  (boots unavailable)
Stlth    ++++......             n - amulet of guardian spirit
HPRegen  0.24/turn              k - ring of protection from fire
MPRegen  0.22/turn              x - ring of resist corrosion

@: about to teleport, radiating poison, very quick
A: very small, unfitting armour, see invisible, herbivore, speed 3, slow
metabolism 2
a: Depart the Abyss, Bend Space, Banish, Corrupt, Enter the Abyss, Renounce
Religion


You were on level 3 of the Elven Halls.
You worshipped Lugonu.
Lugonu was exalted by your worship.
You were hungry.

You visited 4 branches of the dungeon, and saw 15 of its levels.
You visited the Abyss 1 time.
You also visited: Ossuary.

You collected 1506 gold pieces.
You spent 1196 gold pieces at shops.

Inventory:

Hand Weapons
 a - a +9 quick blade of distortion (weapon)
 b - the +9 staff of Olgreb {rPois}
   (You found it on level 9 of the Dungeon)

   It protects you from poison.
 i - a +0 blowgun
 j - a +0 quick blade
 y - a +0 hunting sling
Missiles
 s - 63 sling bullets
 v - 431 stones (quivered)
 F - 40 poisoned needles
Armour
 d - a +2 robe of cold resistance (worn)
 o - a +0 buckler
 J - a +1 cloak (worn)
Jewellery
 k - a ring of protection from fire (left hand)
 n - an amulet of guardian spirit (around neck)
 r - the ring "Geunke" {rCorr rC- MP+9 Dex+3 Stlth+, unknown}
   (You took it off a deep elf blademaster on level 2 of the Elven Halls)

   [ring of resist corrosion]

   It affects your dexterity (+3).
   It makes you vulnerable to cold.
   It affects your magic capacity (+9).
   It makes you more stealthy.
 x - a ring of resist corrosion (right hand)
 C - an uncursed ring of stealth
 K - an uncursed ring of stealth
Wands
 f - a wand of acid (10)
 E - a wand of paralysis (21)
 H - a wand of digging (27)
 O - a wand of random effects (20)
Scrolls
 e - 6 scrolls of identify {!r}
 l - 11 scrolls of remove curse {!r}
 p - a scroll of fear {!r}
 q - 5 scrolls of magic mapping {!r}
 D - a scroll of fog {!r}
 I - a scroll of enchant armour {!r}
 M - a scroll of amnesia {!r}
Potions
 g - 3 potions of agility {!q}
 m - a potion of flight {!q}
 u - 3 potions of berserk rage {!q}
 z - 2 potions of cancellation {!q}
 B - a potion of mutation {!q}
 G - 2 potions of might {!q}
 N - a potion of brilliance {!q}
Comestibles
 c - 8 rations


   Skills:
 * Level 12.0 Fighting
 - Level 8.0 Short Blades
 - Level 10.0 Throwing
 + Level 14.2 Dodging
 - Level 8.0 Stealth
 - Level 2.2 Shields
 - Level 5.0 Spellcasting
 - Level 5.0 Invocations
 + Level 21.4 Evocations


You had 16 spell levels left.
You knew the following spells:

 Your Spells              Type           Power        Failure   Level  Hunger
a - Apportation           Tloc           #.....       19%         1    None
b - Summon Small Mammal   Summ           #...         19%         1    None
c - Sublimation of Blood  Necr           #.........   28%         2    ##.....
s - Conjure Flame         Conj/Fire      #.......     50%         3    ###....
z - Confusing Touch       Hex            #.....       19%         1    None

Your spell library contained the following spells:

 Spells                   Type           Power        Failure   Level  Hunger
 Cause Fear               Hex            #.........   88%         4    ####...
 Fireball                 Conj/Fire      #.........   99%         5    ######.
 Bolt of Fire             Conj/Fire      #.........   100%        6    #######
 Lightning Bolt           Conj/Air       #.........   99%         5    ######.
 Ring of Flames           Chrm/Fire      #.........   100%        7    #######
 Pain                     Necr           #...         19%         1    None
 Animate Skeleton         Necr           N/A          19%         1    None
 Corpse Rot               Necr           N/A          28%         2    ##.....
 Iron Shot                Conj/Erth      #.........   100%        6    #######
 Shock                    Conj/Air       #...         19%         1    None
 Swiftness                Chrm/Air       #.......     28%         2    ##.....
 Agony                    Necr           #.......     99%         5    ######.
 Statue Form              Tmut/Erth      #........    100%        6    #######
 Dragon Form              Tmut           #.........   100%        7    #######
 Deflect Missiles         Chrm/Air       #.........   100%        6    #######
 Airstrike                Air            #.........   88%         4    ####...
 Ignite Poison            Fire/Tmut/Pois #.......     50%         3    ###....
 Silence                  Hex/Air        #.........   99%         5    ######.
 Static Discharge         Conj/Air       #.......     50%         3    ###....
 Discord                  Hex            #.........   100%        8    #######
 Summon Lightning Spire   Summ/Air       #.......     88%         4    ####...
 Hydra Form               Tmut           #.........   100%        6    #######
 Irradiate                Conj/Tmut      #.........   99%         5    ######.
 Yara's Violent Unravell  Hex/Tmut       #.........   99%         5    ######.
 Ignition                 Fire           #.........   100%        8    #######
 Borgnjor's Vile Clutch   Necr/Erth      #.........   99%         5    ######.


Dungeon Overview and Level Annotations

Branches:
Dungeon (9/15)             Temple (1/1) D:4            Lair (0/6) D:8
    Orc (2/2) D:9             Elf (3/3) Orc:2

Altars:
Ashenzari
Cheibriados
Dithmenos
Elyvilon
Fedhas
Gozag
Hepliaklqana
Kikubaaqudgha
Makhleb
Nemelex Xobeh
Okawaru
Qazlal
Ru
Sif Muna
Trog
Uskayaw
Vehumet
Wu Jian
Xom
Yredelemnul
Zin
The Shining One
Beogh

Shops:
D:7 (   Orc:1 *   Orc:2 :!*   Elf:3 %!

Annotations:
D:9 1 runed door
Elf:1 corrupted
Abyss:1 Edmund


Innate Abilities, Weirdness & Mutations

You are very small and have problems with some larger weapons.
You are too small for most types of armour.
You have supernaturally acute eyesight. (SInv)
You are a herbivore.
You cover ground extremely quickly.
You need to consume almost no food.


Message History

The bolt of poison hits the deep elf demonologist.
The deep elf demonologist is poisoned.
The deep elf demonologist is heavily wounded.
You feel slightly more hungry. The balrug hits you with a demon whip!
You are engulfed in flames!
You resist.
Your toxic radiance grows in intensity.
Aiming: Venom Bolt
Press: ? - help, Shift-Dir - straight line, f/p - deep elf demonologist
Aim: a deep elf demonologist, wielding a mace of protection, wearing a runed leather armour and wearing a blackened steel ring (heavily wounded, poisoned)
The bolt of poison misses the balrug.
The bolt of poison hits the deep elf demonologist.
The deep elf demonologist is almost dead.
You are feeling hungry.
The deep elf demonologist casts a spell.
The balrug hits you with a demon whip!
* * * LOW HITPOINT WARNING * * *
You are engulfed in flames!
You resist.
* * * LOW HITPOINT WARNING * * *
Things that are here:
a staff of wizardry; an elf corpse You don't have enough magic at the moment.
Unknown command.
Okay, then.
You see here an arrow.
The balrug gestures at you.
The fireball explodes!
The fireball engulfs you! You resist.
* * * LOW HITPOINT WARNING * * *
Really quaff
A - 3 potions of curing {!q}?
You feel better.
You don't have enough magic at the moment.
Unknown command.
Okay, then.
Wield which item (- for none, * to show all)? (? for menu, Esc to quit)
The smell of chlorine vanishes.
Space warps around you for a moment!
a - a +9 quick blade of distortion (weapon)
The deep elf annihilator is poisoned.
The balrug misses you.
You hit the balrug.
Space warps horribly around the balrug!
The balrug is heavily wounded.
The deep elf annihilator looks even sicker.
The balrug looks more healthy.
You puncture the balrug!
The balrug is severely wounded.
The balrug gestures at you. Something smites you!
* * * LOW HITPOINT WARNING * * *
Really quaff
A - 2 potions of curing {!q}?
You feel better. The balrug gestures at you.
The fireball explodes!
The fireball engulfs you! You resist.
* * * LOW HITPOINT WARNING * * *
The fireball engulfs the balrug.
The balrug completely resists.
Really quaff
A - a potion of curing {!q}?
You feel better. The balrug gestures at you. Something smites you!
* * * LOW HITPOINT WARNING * * *
Really read
h - a scroll of teleportation {!r}?
As you read the scroll of teleportation {!r}, it crumbles to dust.
You feel strangely unstable.
The deep elf annihilator looks even sicker.
The balrug hits you with a demon whip.
* * * LOW HITPOINT WARNING * * *
You are engulfed in flames!
You resist.
You die...

#.....<)..##.....∩.....##..
##.....(.)#....#...#......#
##.(....(#.........[.....#
##....4))...)..♣.)......#
##..)e.#[[............##
####e##....#..§#....##
#.###.()..∩.....##
##e####.........##
#.e2@.##.......######
#.(######.....##..(.. ##.#
###.######### #(# #...###
#.# ######'..## ######(###
#...).....###
##........###.....[..)..#
##........(.##...........##
#............#............#


You could see a balrug, a deep elf annihilator and a deep elf demonologist.

Vanquished Creatures
  Nikola (Elf:1)
  2 deep elf blademasters
  Frances (Elf:1)
  An orc warlord (Orc:2)
  A deep elf sorcerer (Elf:3)
  3 deep elf elementalists (Elf:3)
  3 deep elf demonologists
  4 deep elf annihilators (Elf:3)
  4 deep elf death magi
  A deep elf high priest (Elf:2)
  7 two-headed ogres
  23 dancing weapons
  An ogre mage (Orc:1)
  5 orc high priests (Orc:2)
  16 deep elf knights
  14 deep elf archers
  3 necromancers (Elf:1)
  56 deep elf magi
  3 orc knights (Orc:2)
  4 orc sorcerers
  An elephant (D:8)
  5 trolls
  2 hippogriffs
  4 large abominations (Elf:1)
  Sigmund (D:6)
  2 air elementals
  A human (D:9)
  13 yaks
  2 water elementals
  4 fire elementals (Elf:2)
  3 hogs (D:9)
  2 hungry ghosts
  A basilisk (D:8)
  A warg (Orc:1)
  5 soldier ants (D:9)
  2 water moccasins (D:9)
  13 ogres
  38 orc warriors
  2 phantoms
  A necrophage (D:8)
  2 big kobolds
  2 elf zombies (Elf:1)
  5 bullfrogs
  An earth elemental (Elf:2)
  2 water moccasin zombies (Ossuary)
  A scorpion (D:6)
  19 killer bees
  3 wights (D:6)
  2 howler monkeys
  3 crimson imps
  A centaur zombie (D:9)
  A quasit (D:6)
  3 jellies
  2 bullfrog zombies (D:6)
  29 orc priests
  2 hounds
  A bullfrog skeleton (D:7)
  2 iguanas
  9 orc wizards
  9 worker ants
  4 big kobold zombies (Ossuary)
  A hound zombie (D:7)
  3 mummies
  2 worker ant zombies
  Robin (D:3)
  6 gnolls
  A howler monkey skeleton (D:5)
  8 adders
  2 oozes
  2 adder zombies
  A worm (D:2)
  4 dart slugs
  7 leopard geckos
  90 orcs
  2 giant cockroaches
  18 goblins
  11 hobgoblins
  9 jackals
  3 quokkas
  3 ball pythons
  5 bats
  4 frilled lizards
  4 gnoll zombies (Ossuary)
  5 hobgoblin zombies (Ossuary)
  15 kobolds
  4 kobold zombies (Ossuary)
  5 orc zombies (Ossuary)
  A quokka zombie (D:6)
  8 rats
584 creatures vanquished.

Vanquished Creatures (others)
  Agnes (Elf:1)
  4 dancing weapons
  A deep elf knight (Elf:2)
  A deep elf archer (Elf:2)
  7 deep elf magi
  A troll (D:6)
  An air elemental (Elf:2)
  A fire elemental (Elf:1)
  A hungry ghost (D:8)
  A water moccasin (D:5)
  An ice beast (D:9)
  2 centaurs
  An earth elemental (Elf:1)
  A wight (D:6)
  A crimson imp (D:5)
  A jelly (D:7)
  2 big kobold zombies (Ossuary)
  A hobgoblin zombie (Ossuary)
  2 kobold zombies (Ossuary)
  An orc zombie (Ossuary)
  5 starspawn tentacles (Elf:1)
37 creatures vanquished.

Grand Total: 621 creatures vanquished

Notes
Turn   | Place    | Note
-------+----------+-------------------------------------------
     0 | Abyss:1  | Amnesiac the Spriggan Abyssal Knight began the quest for the Orb.
     0 | Abyss:1  | Reached XP level 1. HP: 11/11 MP: 3/3
    24 | Abyss:1  | Found a corrupted altar of Lugonu.
    32 | Abyss:1  | Found a corrupted altar of Lugonu.
    60 | Abyss:1  | Noticed a thrashing horror
    73 | D:1      | Escaped the Abyss
   463 | D:1      | Reached skill level 1 in Stealth
   645 | D:1      | Reached XP level 2. HP: 11/16 MP: 4/4
   856 | D:1      | Reached * piety under Lugonu
  1181 | D:1      | Reached XP level 3. HP: 19/19 MP: 6/6
  1806 | D:2      | Reached XP level 4. HP: 17/23 MP: 4/8
  2047 | D:2      | Found a burning altar of Makhleb.
  2272 | D:2      | Reached ** piety under Lugonu
  2879 | D:3      | Found a sacrificial altar of Ru.
  2879 | D:3      | Found an iron altar of Okawaru.
  2879 | D:3      | Found a radiant altar of Vehumet.
  2945 | D:3      | Noticed Robin
  3055 | D:4      | Noticed a phantom
  3445 | D:4      | Found a sand-covered staircase.
  3479 | Ossuary  | Entered an ossuary
  3605 | Ossuary  | Reached XP level 5. HP: 21/27 MP: 6/9
  3634 | Ossuary  | Reached skill level 5 in Invocations
  3663 | Ossuary  | HP: 1/27 [poison (a needle trap)]
  4346 | Ossuary  | Reached XP level 6. HP: 15/32 MP: 6/10
  5399 | D:5      | Entered Level 5 of the Dungeon
  5462 | D:4      | Found a staircase to the Ecumenical Temple.
  5471 | Temple   | Entered the Ecumenical Temple
  5638 | D:3      | Found a faded altar of an unknown god.
  5830 | D:3      | Found an ancient bone altar of Kikubaaqudgha.
  6333 | D:3      | Reached *** piety under Lugonu
  6381 | D:3      | Killed Robin
  6381 | D:3      | Reached skill level 5 in Short Blades
  6381 | D:3      | Reached skill level 5 in Stealth
  7361 | D:4      | Reached XP level 7. HP: 19/35 MP: 9/11
  8352 | D:5      | Noticed Edmund
  8366 | D:5      | Banished Edmund
  8387 | D:5      | Found a burning altar of Makhleb.
  8600 | D:5      | Found a bloodstained altar of Trog.
  8602 | D:5      | Found a blossoming altar of Fedhas.
  8602 | D:5      | Found a hide-covered altar of Uskayaw.
  8604 | D:5      | Found an iron altar of Okawaru.
  8604 | D:5      | Found a shimmering altar of Xom.
  8604 | D:5      | Found a bloodstained altar of Trog.
  8854 | D:6      | Noticed a troll
  8858 | D:6      | Banished a troll
  8858 | D:6      | Reached XP level 8. HP: 30/39 MP: 12/12
  9056 | D:6      | Found a snail-covered altar of Cheibriados.
  9926 | D:6      | Found an opulent altar of Gozag.
  9932 | D:6      | Noticed Sigmund
  9939 | D:6      | Killed Sigmund
  9939 | D:6      | Reached skill level 3 in Evocations
  9940 | D:6      | Reached skill level 4 in Evocations
 10280 | D:6      | Reached skill level 5 in Evocations
 10382 | D:6      | Got a smoking dagger
 10503 | D:7      | Noticed a hippogriff
 10507 | D:7      | Killed a hippogriff
 10507 | D:7      | Reached skill level 6 in Evocations
 10545 | D:7      | Found a glowing silver altar of Zin.
 10593 | D:7      | Reached skill level 7 in Evocations
 10737 | D:7      | Reached XP level 9. HP: 22/43 MP: 11/15
 10854 | D:7      | Identified the cursed +1 dagger "Redaosio" {freeze, rC+} (You found it on level 6 of the Dungeon)
 10875 | D:7      | Reached skill level 8 in Evocations
 11523 | D:7      | Found Zuus's Antique Weapon Boutique.
 11533 | D:7      | Reached skill level 9 in Evocations
 11902 | D:7      | Reached skill level 10 in Evocations
 12620 | D:7      | Reached skill level 11 in Evocations
 12949 | D:8      | Found a blossoming altar of Fedhas.
 12973 | D:8      | Noticed an elephant
 12974 | D:8      | Found a staircase to the Lair.
 13343 | D:8      | Reached skill level 12 in Evocations
 13347 | D:8      | Reached **** piety under Lugonu
 13455 | D:8      | Killed an elephant
 13828 | D:8      | Found a glowing silver altar of Zin.
 13831 | D:8      | Reached skill level 13 in Evocations
 13831 | D:8      | Reached XP level 10. HP: 45/47 MP: 15/20
 14327 | D:8      | Reached skill level 1 in Throwing
 15135 | D:9      | Found a runed door.
 15141 | D:9      | Found a runed gate.
 15142 | D:9      | Found a runed gate.
 15143 | D:9      | Found a runed gate.
 15171 | D:9      | Noticed a dagger
 15172 | D:9      | Noticed a hand axe
 15173 | D:9      | Found a hide-covered altar of Uskayaw.
 15494 | D:9      | Reached skill level 5 in Throwing
 15747 | D:9      | Found a runed door.
 15785 | D:9      | Learned a level 1 spell: Confusing Touch
 15787 | D:9      | Learned a level 1 spell: Apportation
 15789 | D:9      | Learned a level 1 spell: Summon Small Mammal
 15809 | D:9      | Reached skill level 1 in Spellcasting
 16031 | D:9      | Reached skill level 5 in Spellcasting
 16299 | D:9      | Found a staircase to the Orcish Mines.
 16307 | D:9      | Found the +9 staff of Olgreb {rPois}
 16659 | D:9      | Reached XP level 11. HP: 38/51 MP: 22/22
 17063 | Orc:1    | Entered Level 1 of the Orcish Mines
 17090 | Orc:1    | Reached ***** piety under Lugonu
 17181 | Orc:1    | Noticed an orc sorcerer
 17200 | Orc:1    | Killed an orc sorcerer
 17200 | Orc:1    | Reached skill level 14 in Evocations
 17349 | Orc:1    | Found an iron altar of Okawaru.
 17406 | Orc:1    | Found Zialacem's General Store.
 17680 | Orc:2    | Entered Level 2 of the Orcish Mines
 17826 | Orc:2    | Noticed a two-headed ogre
 17836 | Orc:2    | Killed a two-headed ogre
 17836 | Orc:2    | Reached skill level 15 in Evocations
 18125 | Orc:2    | Noticed a two-headed ogre
 18132 | Orc:2    | Killed a two-headed ogre
 18199 | Orc:2    | Noticed an orc high priest
 18201 | Orc:2    | Noticed a sun demon
 18206 | Orc:2    | Killed an orc high priest
 18206 | Orc:2    | Reached skill level 16 in Evocations
 18452 | Orc:2    | Noticed a two-headed ogre
 18465 | Orc:2    | Killed a two-headed ogre
 18583 | Orc:2    | Found a staircase to the Elven Halls.
 18641 | Orc:2    | Noticed an orc sorcerer
 18641 | Orc:2    | Noticed an orc sorcerer
 18646 | Orc:2    | Killed an orc sorcerer
 18648 | Orc:2    | Killed an orc sorcerer
 18648 | Orc:2    | Reached skill level 17 in Evocations
 19197 | Orc:1    | Noticed a two-headed ogre
 19197 | Orc:1    | Noticed a two-headed ogre
 19198 | Orc:1    | Reached ****** piety under Lugonu
 19198 | Orc:1    | Noticed a two-headed ogre
 19200 | Orc:1    | Noticed an ogre mage
 19202 | Orc:1    | Killed a two-headed ogre
 19202 | Orc:1    | Reached XP level 12. HP: 43/56 MP: 17/25
 19216 | Orc:1    | Killed a two-headed ogre
 19216 | Orc:1    | Killed a two-headed ogre
 19218 | Orc:1    | Killed an ogre mage
 19218 | Orc:1    | Reached skill level 18 in Evocations
 19219 | Orc:1    | Noticed a two-headed ogre
 19247 | Orc:1    | Killed a two-headed ogre
 19845 | Orc:2    | Found a roughly hewn altar of Beogh.
 19846 | Orc:2    | Found Ushuem's General Store.
 19867 | Orc:2    | Found Jiach's Distillery.
 19941 | Orc:2    | Reached skill level 19 in Evocations
 20152 | Orc:2    | Found Sim Vuic's Book Shop.
 20153 | Orc:2    | Noticed an orc high priest
 20158 | Orc:2    | Killed an orc high priest
 20292 | Orc:2    | Noticed an orc warlord
 20308 | Orc:2    | Killed an orc warlord
 20333 | Orc:2    | HP: 2/56 [orc priest/divine providence[an orc warlord] (10)]
 20611 | Orc:2    | Found a roughly hewn altar of Beogh.
 20623 | Orc:2    | Noticed an orc high priest
 20634 | Orc:2    | Killed an orc high priest
 20751 | Orc:2    | Found Omynk's Food Emporium.
 20752 | Orc:2    | Noticed an orc high priest
 20760 | Orc:2    | Reached skill level 10 in Throwing
 21083 | Orc:2    | Killed an orc high priest
 21083 | Orc:2    | Reached skill level 5 in Dodging
 21151 | Orc:2    | Noticed an orc high priest
 21157 | Orc:2    | Killed an orc high priest
 21157 | Orc:2    | Reached XP level 13. HP: 50/61 MP: 4/27
 21475 | Orc:2    | Bought a ration for 65 gold pieces
 21475 | Orc:2    | Bought a ration for 65 gold pieces
 21475 | Orc:2    | Bought a ration for 65 gold pieces
 21475 | Orc:2    | Bought a ration for 65 gold pieces
 21475 | Orc:2    | Bought a ration for 65 gold pieces
 21475 | Orc:2    | Bought a ration for 65 gold pieces
 21475 | Orc:2    | Bought a ration for 65 gold pieces
 21475 | Orc:2    | Bought a ration for 65 gold pieces
 21547 | Orc:1    | Bought a scroll of magic mapping for 52 gold pieces
 21595 | Orc:2    | Bought a wand of iceblast (5) for 126 gold pieces
 21595 | Orc:2    | Bought a potion of brilliance for 56 gold pieces
 21643 | Orc:1    | Bought a wand of random effects (29) for 232 gold pieces
 21694 | Orc:2    | Bought a potion of heal wounds for 70 gold pieces
 21694 | Orc:2    | Bought 2 potions of heal wounds for 140 gold pieces
 21765 | Elf:1    | Entered Level 1 of the Elven Halls
 22064 | Elf:1    | Corrupted Elf:1
 22064 | Elf:1    | Noticed a bone dragon
 22064 | Elf:1    | Noticed a white draconian annihilator
 22064 | Elf:1    | Noticed a tentacled starspawn
 22064 | Elf:1    | Noticed a cacodemon
 22064 | Elf:1    | Noticed a green draconian
 22064 | Elf:1    | Noticed a balrug
 22067 | Elf:1    | Noticed a Hell Sentinel
 22067 | Elf:1    | Noticed a brown very ugly thing
 22068 | Elf:1    | Noticed a cacodemon
 22088 | Elf:1    | Killed Agnes
 22203 | Elf:1    | Noticed Nikola
 22211 | Elf:1    | Killed Nikola
 22211 | Elf:1    | Reached skill level 5 in Fighting
 22974 | Elf:1    | Noticed Frances
 23081 | Elf:1    | Killed Frances
 23329 | Elf:1    | Noticed a deep elf death mage
 23335 | Elf:1    | Killed a deep elf death mage
 23337 | Elf:1    | Reached XP level 14. HP: 57/72 MP: 5/28
 23936 | Elf:1    | Reached skill level 10 in Dodging
 23985 | Elf:1    | Reached skill level 20 in Evocations
 24407 | Elf:1    | Identified the Tome of Darkness
 24412 | Elf:1    | Learned a level 2 spell: Sublimation of Blood
 25008 | Elf:2    | Noticed a balrug
 25676 | Elf:2    | Found a runed door.
 25677 | Elf:2    | Found a runed door.
 26066 | Elf:3    | Entered Level 3 of the Elven Halls
 26286 | Elf:3    | Found Wuho's Distillery.
 26290 | Elf:3    | Found Hulorchuh's Food Shoppe.
 27208 | Elf:1    | Reached skill level 1 in Shields
 27567 | Elf:1    | Reached skill level 10 in Fighting
 29166 | Elf:2    | Reached XP level 15. HP: 77/80 MP: 27/30
 30215 | Elf:2    | HP: 1/80 [falchion (10)]
 33012 | Elf:3    | Noticed a deep elf blademaster
 33045 | Elf:1    | Killed a deep elf blademaster
 33596 | Elf:3    | Noticed a deep elf sorcerer
 33619 | Elf:3    | Killed a deep elf sorcerer
 33905 | Elf:3    | Reached skill level 21 in Evocations
 33912 | Elf:3    | Identified Jinicebo's Catalogue of Supportive Arcane Weapons
 33918 | Elf:3    | Learned a level 3 spell: Conjure Flame
 34792 | Elf:2    | Identified a +9 quick blade of distortion (a +7 quick blade of venom corrupted by Lugonu)
 34792 | Elf:2    | Received a gift from Lugonu
 35321 | Elf:3    | Noticed a deep elf blademaster
 35586 | Elf:2    | Killed a deep elf blademaster
 35589 | Elf:2    | Got a fine copper ring
 35982 | Elf:3    | Mangled by a balrug

Vault maps used:
D:1:      shiori_arrival_elements
D:2:      lemuel_round_altar
D:3:      overflow_temple_1_default, gammafunk_temple_overflow_claw,
          first_ration, chequers_ecumenical_altar_simple_redux, uniq_robin
D:4:      minmay_temple_entry_trees, gup_ossuary_entry_pyramid
D:5:      doesnt_xom_only_xom, basic_altar, uniq_edmund
D:6:      kennysheep_slug_shrine, nicolae_gozag_cash_rules_everything_around_me,
          uniq_sigmund
D:7:      basic_altar, serial_shops, shop
D:8:      lemuel_doored_altar, lemuel_coloured_pillars_altar, david_lair_generic
D:9:      dancing_weapons_uskayaw, orc_0_dummy, minmay_variable_closet,
          grunt_livestock, minmay_guarded_unrand_staff_of_olgreb
Temple:   nicolae_temple_x_marks_the_god
Orc:1:    serial_shops, shop, nicolae_orc_rockfall, okawaru_metal_pillars_1_2
Orc:2:    pubby_orc_utopia
Elf:1:    elf_arrival_001, minmay_elf_necromancy, uniq_nikola, uniq_frances,
          uniq_agnes
Elf:2:    small_statue_intersection, grunt_ministairs_3, hex_tiny
Elf:3:    grunt_elf_hall_branching, minmay_elf_sorcery, minmay_shoptagon
Abyss:1:  serial_sigils_hangedman_gut
Ossuary:  ossuary_tomb_2

Skill      XL: |  1  2  3  4  5  6  7  8  9 10 11 12 13 14 15 |
---------------+----------------------------------------------+-----
Stealth        | 2 3 5 7 8 |  8.0
Invocations    | 2 3 4 5 |  5.0
Short Blades   | 3 5 7 8 |  8.0
Evocations     | 7 13 17 19 20 21 | 21.4
Throwing       | 6 7 10 | 10.0
Spellcasting   | 5 |  5.0
Dodging        | 4 5 9 12 14 | 14.2
Fighting       | 3 7 10 12 | 12.0
Shields        | 2 |  2.2

Action                   |  1- 3 |  4- 6 |  7- 9 | 10-12 | 13-15 || total
-------------------------+-------+-------+-------+-------+-------++-------
Melee: Short sword       |   138 |   376 |       |       |       ||   514
       Rapier            |       |    61 |       |       |    72 ||   133
       Dagger            |       |    58 |   508 |   299 |   102 ||   967
       Unarmed           |       |       |       |    29 |   139 ||   168
       Staff             |       |       |       |    76 |   108 ||   184
       Quick blade       |       |       |       |       |    97 ||    97
 Fire: Blowgun           |       |       |   125 |   139 |       ||   264
       Hunting sling     |       |       |    19 |    25 |       ||    44
Throw: Stone             |       |       |       |     2 |     2 ||     4
 Cast: Confusing Touch   |       |       |       |    14 |    41 ||    55
       Summon Small Mamm |       |       |       |       |     3 ||     3
Invok: Depart the Abyss  |     1 |       |       |       |       ||     1
       Banish            |       |       |    10 |     2 |       ||    12
       Corrupt           |       |       |       |       |     1 ||     1
       Brand Weapon With |       |       |       |       |     1 ||     1
Evoke: Wand              |       |       |    26 |     2 |    48 ||    76
       Staff of Olgreb   |       |       |       |    93 |   141 ||   234
  Use: Scroll            |       |    10 |     5 |     5 |    11 ||    31
       Potion            |       |     9 |       |     1 |    19 ||    29
 Stab: Sleeping          |     7 |    14 |     8 |     1 |     3 ||    33
       Distracted        |       |     1 |     2 |     1 |     3 ||     7
       Confused          |       |       |       |    12 |    19 ||    31
  Eat: Ration            |       |     4 |     5 |     9 |    11 ||    29
Armor: Robe              |     8 |    29 |    19 |    33 |    45 ||   134
Dodge: Dodged            |   102 |   279 |   335 |   289 |   478 ||  1483

Table legend:
 A = Spawn XP
 B = Non-spawn XP
 C = Spawn XP percentage of total XP
 D = Spawn monster count
 E = Non-spawn monster count
 F = Spawn count percentage of total count
 G = Total turns spent on level
                    A         B        C        D         E        F      G
               +---------+---------+-------+---------+---------+-------+---------
         Total |       0 |  151452 |   0.0 |       0 |     601 |   0.0 | 35982
               +---------+---------+-------+---------+---------+-------+---------
           D:1 |       0 |      53 |   0.0 |       0 |      26 |   0.0 |  1690
           D:2 |       0 |     112 |   0.0 |       0 |      25 |   0.0 |  1809
           D:3 |       0 |     210 |   0.0 |       0 |      35 |   0.0 |  1961
           D:4 |       0 |     142 |   0.0 |       0 |       7 |   0.0 |   964
           D:5 |       0 |     333 |   0.0 |       0 |      13 |   0.0 |   973
           D:6 |       0 |    1229 |   0.0 |       0 |      25 |   0.0 |  1591
           D:7 |       0 |    1883 |   0.0 |       0 |      37 |   0.0 |  2059
           D:8 |       0 |    3337 |   0.0 |       0 |      28 |   0.0 |  2207
           D:9 |       0 |    4438 |   0.0 |       0 |      51 |   0.0 |  2015
         Orc:1 |       0 |    7198 |   0.0 |       0 |      35 |   0.0 |  1264
         Orc:2 |       0 |   19005 |   0.0 |       0 |     139 |   0.0 |  3226
         Elf:1 |       0 |   46123 |   0.0 |       0 |      59 |   0.0 |  7488
         Elf:2 |       0 |   34943 |   0.0 |       0 |      53 |   0.0 |  5451
         Elf:3 |       0 |   32189 |   0.0 |       0 |      41 |   0.0 |  1278
       Ossuary |       0 |     257 |   0.0 |       0 |      27 |   0.0 |  1906
               +---------+---------+-------+---------+---------+-------+---------
